 Dungeon Crawl Stone Soup version 0.20.0-14-g326068f (webtiles) character file.

169 sagitran the Chopper (level 5, -1/49 HPs)
             Began as a Deep Dwarf Monk on June 8, 2017.
             Slain by tuhats's ghost (2 damage)
             ... on level 3 of the Dungeon.
             The game lasted 00:47:46 (2163 turns).

sagitran the Chopper (Deep Dwarf Monk)              Turns: 2163, Time: 00:47:46

Health: -1/49      AC: 10    Str: 17    XL:     5   Next: 25%
Magic:  5/5        EV:  8    Int: 11    God:
Gold:   157        SH:  0    Dex: 15    Spells: 4/4 levels left

rFire    + . .     SeeInvis .   h - +2 flail (protect)
rCold    . . .     Gourm    .   (no shield)
rNeg     . . .     Faith    .   e - +0 chain mail
rPois    .         Spirit   .   o - +0 helmet
rElec    .         Reflect  .   (no cloak)
rCorr    .         Harm     .   (no gloves)
MR       .....                  (no boots)
Stlth    ..........             (no amulet)
Regen    0.0/turn               m - +2 ring of strength
MPRegen  0.1/turn               c - ring of protection from fire

@: non-regenerating
A: damage resistance, heal wounds, sense surroundings 1, no regeneration
a: Heal Wounds


You were on level 3 of the Dungeon.
You were not hungry.

You visited 1 branch of the dungeon, and saw 3 of its levels.

You collected 157 gold pieces.

Inventory:

Hand Weapons
 a - a +1 hand axe
 h - a +2 flail of protection (weapon)
Missiles
 d - 105 stones
 i - 14 tomahawks (quivered)
 j - 87 sling bullets
Armour
 e - a +0 chain mail (worn)
 o - a +0 helmet (worn)
Jewellery
 c - a ring of protection from fire (right hand)
 m - a +2 ring of strength (left hand)
Scrolls
 k - a scroll of immolation
 l - 2 scrolls of recharging
Potions
 n - a potion of lignification
Comestibles
 b - 2 bread rations
 g - 8 fruits


   Skills:
 + Level 3.2 Fighting
 + Level 4.7 Axes
 + Level 0.2(2.6) Maces & Flails
 + Level 0.3 Throwing
 + Level 2.6 Armour
 + Level 3.8 Dodging
 + Level 2.6 Stealth


You had 4 spell levels left.
You didn't know any spells.

Dungeon Overview and Level Annotations

Branches:
Dungeon (3/15)

Altars:
Trog

Annotations:
D:3 tuhats's ghost, amateur SpEn


Innate Abilities, Weirdness & Mutations

You are resistant to damage.
You can heal yourself by infusing magical energy.
You passively map a small area around you.
You do not regenerate.


Message History

You kill the adder!
Tuhats's ghost gestures at you while chanting.
You resist with some effort.
Your chain mail prevents you from hitting tuhats's ghost.
Tuhats's ghost is lightly damaged.
Tuhats's ghost closely misses you.
Tuhats's ghost hits you but does no damage.
You completely miss tuhats's ghost.
Tuhats's ghost is lightly damaged.
Tuhats's ghost hits you but does no damage.
Your chain mail prevents you from hitting tuhats's ghost.
Tuhats's ghost is lightly damaged.
Tuhats's ghost ripples.
Tuhats's ghost hits you.
* * * LOW HITPOINT WARNING * * *
Tuhats's ghost barely misses you.
You miss tuhats's ghost.
Tuhats's ghost is lightly damaged.
Tuhats's ghost hits you.
You die...

# #.# *.# #..#.#.#*............ #
#.# *.# #..#.#.##.#*......... #
#.#**##.###.........##..####### #
#..,,.............$.....,,* # #
#####*#.###....#.##.##..*** #
###...###.###.#...........******#
..........................,,,,,,#
.##...#.........W#..###...,,,,,,#
.##...#.#####.#.@#..# *,.*****#,#
......(.# #.#.....##*,,**####.#
........# #...........,,,......
........# #.#....####.,**####.#
#.#####.#####.#..#..#,,,,*****#.*
...................>..,,,,,,,,.,*
#.#####.##.##.#..######*,,***##,*
#.# #............######*,,*####.#
#.# ###.##.##..........,,,,......


You could see tuhats's ghost.

Vanquished Creatures
  Natasha (D:2)
  7 adders
  An ooze (D:3)
  A worm (D:2)
  3 dart slugs (D:2)
  2 leopard geckos (D:2)
  6 orcs (D:3)
  2 ball pythons
  A giant cockroach (D:1)
  5 goblins
  10 hobgoblins
  4 jackals
  5 kobolds (D:1)
  2 quokkas
  5 bats
  3 frilled lizards
  3 rats
61 creatures vanquished.

Notes
Turn   | Place    | Note
-------+----------+-------------------------------------------
     0 | D:1      | sagitran the Deep Dwarf Monk began the quest for the Orb.
     0 | D:1      | Reached XP level 1. HP: 20/20 MP: 1/1
    78 | D:1      | Reached XP level 2. HP: 24/27 MP: 2/2
   485 | D:2      | Found a bloodstained altar of Trog.
   496 | D:2      | Reached XP level 3. HP: 30/34 MP: 3/3
   635 | D:2      | Reached skill level 4 in Axes
   635 | D:2      | Reached skill level 1 in Armour
  1027 | D:2      | Reached XP level 4. HP: 37/42 MP: 4/4
  1364 | D:2      | Noticed Natasha
  1394 | D:2      | Killed Natasha
  1706 | D:3      | Reached XP level 5. HP: 13/49 MP: 5/5
  1878 | D:3      | Noticed tuhats's ghost (amateur SpEn)
  2161 | D:3      | HP: 1/49 [tuhats's ghost (2)]
  2163 | D:3      | Slain by tuhats's ghost

Skill      XL: |  1  2  3  4 |
---------------+-------------+-----
Fighting       | 3 |  3.2
Axes           | 4 |  4.7
Armour         | 1 2 |  2.6
Maces & Flails | |  0.2
Throwing       | |  0.3
Dodging        | |  3.8
Stealth        | |  2.6

Action                   |  1- 3 |  4- 6 || total
-------------------------+-------+-------++-------
Melee: Hand axe          |   143 |   102 ||   245
       Unarmed           |    11 |       ||    11
       Flail             |       |    23 ||    23
Throw: Stone             |     2 |       ||     2
       Tomahawk          |       |    13 ||    13
  Use: Potion            |     2 |       ||     2
       Scroll            |     3 |     5 ||     8
  Eat: Fruit             |     1 |       ||     1
       Bread ration      |       |     1 ||     1
Armor: Chain mail        |   110 |    79 ||   189
       Robe              |     2 |       ||     2
Dodge: Dodged            |    70 |    59 ||   129
